[Event "ICC tourney 2556 (25 5)"]
[Site "Internet Chess Club"]
[Date "2021.05.09"]
[Round "6"]
[White "VARMA, ISHAN:K05-16055185"]
[Black "KASTURI, SAHANA:K05-16916485"]
[Result "1-0"]
[ICCResult "Black checkmated"]
[WhiteElo "931"]
[BlackElo "597"]
[Opening "Two knights defense"]
[ECO "C57"]
[NIC "KP.01"]
[Time "13:32:03"]
[PlyCount "113"]
[TimeControl "1500+5"]

1. e4 e5 2. Nf3 Nc6 3. Bc4 Nf6 4. Ng5 d5 5. exd5 Nxd5 6. Bxd5 Qxd5 7. O-O
Be7 8. Nc3 Qc5 9. d3 Bxg5 10. Bxg5 O-O 11. Be3 Qe7 12. Ne4 h6 13. Bc5 Qe6
14. Bxf8 Kxf8 15. Re1 Qg6 16. Qf3 Nd4 17. Qe3 Nxc2 18. Qc5+ Kg8 19. Qxc2
Bh3 20. f3 Re8 21. g4 Qb6+ 22. Qf2 Qxf2+ 23. Kxf2 h5 24. Kg3 hxg4 25. fxg4
Bxg4 26. Kxg4 Rf8 27. Nc5 f5+ 28. Kf3 e4+ 29. dxe4 fxe4+ 30. Kxe4 Re8+ 31.
Kd4 Rd8+ 32. Kc4 c6 33. Nxb7 Rd7 34. Nc5 Rd5 35. Rad1 Rf5 36. Rd6 Rf4+ 37.
Re4 Rf5 38. Rxc6 Rf2 39. Rc8+ Kh7 40. Rh4+ Kg6 41. Rc6+ Kf7 42. Rc7+ Kg8
43. Ne6 Rc2+ 44. Kd3 Rxc7 45. Nxc7 g5 46. Rg4 Kg7 47. Rxg5+ Kh6 48. Rc5 Kg6
49. Ra5 Kh6 50. Rxa7 Kg7 51. Ne8+ Kf8 52. Ke4 Kxe8 53. Kd5 Kf8 54. Ke6 Kg8
55. Kf6 Kh8 56. Kg6 Kg8 57. Ra8# { Black checkmated } 1-0

[Event "ICC tourney 2556 (25 5)"]
[Site "Internet Chess Club"]
[Date "2021.05.09"]
[Round "6"]
[White "JAICHAND, RISHAB:K05-16786245"]
[Black "LIN, JULIAN:K05-15856697"]
[Result "0-1"]
[ICCResult "White resigns"]
[WhiteElo "1188"]
[BlackElo "1648"]
[Opening "French: advance, Paulsen attack"]
[ECO "C02"]
[NIC "FR.03"]
[Time "13:32:19"]
[PlyCount "103"]
[TimeControl "1500+5"]

1. e4 e6 2. d4 d5 3. e5 c5 4. c3 Nc6 5. Nf3 Qb6 6. a3 Nge7 7. b4 cxd4 8.
cxd4 Nf5 9. Bb2 a5 10. Bd3 Nfe7 11. O-O axb4 12. axb4 Rxa1 13. Bxa1 Nxb4
14. Qa4+ Bd7 15. Qa8+ Nc8 16. Be2 Na6 17. Bxa6 Qxa6 18. Qxa6 bxa6 19. Rc1
Nb6 20. Bc3 Nc4 21. Nfd2 Bb5 22. Nxc4 Bxc4 23. Nd2 Bb5 24. Ba5 f6 25. Rc8+
Kf7 26. Bb4 Bxb4 27. Rxh8 Bxd2 28. exf6 Kxf6 29. Rxh7 Bc3 30. Rh4 a5 31. f3
a4 32. Rh8 a3 33. Ra8 Bxd4+ 34. Kh1 Bb2 35. h3 Bc4 36. Kh2 a2 37. Kg3 a1=Q
38. Rxa1 Bxa1 39. Kf4 e5+ 40. Ke3 Bd4+ 41. Kd2 Kf5 42. g3 e4 43. fxe4+ Kxe4
44. g4 Be3+ 45. Kc2 d4 46. Kb2 d3 47. Kc3 Be6 48. Kb4 d2 49. Kb5 d1=Q 50.
Kb4 Qb3+ 51. Ka5 Bd7 52. Ka6 { White resigns } 0-1

[Event "ICC tourney 2556 (25 5)"]
[Site "Internet Chess Club"]
[Date "2021.05.09"]
[Round "6"]
[White "SRINIVASAN, AATHYANDH:K05-16827837"]
[Black "YANG, ANGIE:K05-16341612"]
[Result "1-0"]
[ICCResult "Black checkmated"]
[WhiteElo "543"]
[BlackElo "932"]
[Opening "Giuoco Pianissimo: Italian four knights variation"]
[ECO "C50"]
[NIC "IG.02"]
[Time "13:33:10"]
[PlyCount "163"]
[TimeControl "1500+5"]

1. e4 e5 2. Nf3 Nc6 3. Bc4 Bc5 4. Nc3 Nf6 5. d3 d6 6. Nd5 Nxd5 7. exd5 Nd4
8. Be3 Nxf3+ 9. Qxf3 Bxe3 10. Qxe3 Qf6 11. O-O Qg6 12. h3 O-O 13. c3 Re8
14. Bb3 f5 15. f4 exf4 16. Qxf4 Kh8 17. Rae1 Rf8 18. c4 Bd7 19. Re7 Rad8
20. c5 Qf6 21. Re2 Bb5 22. Bc4 Bxc4 23. Qxc4 f4 24. g3 Qg6 25. g4 f3 26.
Ref2 dxc5 27. Rxf3 Rxf3 28. Rxf3 b6 29. d4 Qe4 30. Qd3 Qxd5 31. Rf5 Qxd4+
32. Qxd4 cxd4 33. Rf7 d3 34. Rf1 d2 35. Rd1 Kg8 36. Kf2 Kf7 37. Ke3 Ke6 38.
Rxd2 Rxd2 39. Kxd2 Kf6 40. Ke2 h5 41. Kf3 c5 42. Kf4 hxg4 43. hxg4 g5+ 44.
Kf3 Ke5 45. Ke3 a5 46. a4 c4 47. Kf3 Ke6 48. Ke4 Kf6 49. Kd4 Ke6 50. Kxc4
Ke5 51. Kb5 Kf4 52. Kxb6 Kxg4 53. Kxa5 Kf3 54. b4 g4 55. b5 g3 56. b6 g2
57. b7 g1=Q 58. b8=Q Qe1+ 59. Qb4 Qe5+ 60. Qb5 Qc3+ 61. Ka6 Qc8+ 62. Qb7+
Qxb7+ 63. Kxb7 Ke3 64. a5 Kd4 65. a6 Kc5 66. a7 Kb5 67. a8=Q Kc4 68. Qa5
Kd4 69. Qb5 Ke4 70. Qd7 Ke3 71. Qd5 Kf4 72. Qe6 Kf3 73. Qe5 Kf2 74. Qc3 Kg2
75. Qe3 Kh2 76. Qg5 Kh1 77. Qg4 Kh2 78. Kc6 Kh1 79. Kd5 Kh2 80. Ke4 Kh1 81.
Kf3 Kh2 82. Qg2# { Black checkmated } 1-0

[Event "ICC tourney 2556 (25 5)"]
[Site "Internet Chess Club"]
[Date "2021.05.09"]
[Round "6"]
[White "LUKOSE, JAMES:K05-16437200"]
[Black "CHAN MAK, OLIVER:K05-16502861"]
[Result "1-0"]
[ICCResult "Black resigns"]
[WhiteElo "885"]
[BlackElo "569"]
[Opening "Queen's pawn game"]
[ECO "D04"]
[NIC "QP.08"]
[Time "13:31:14"]
[PlyCount "75"]
[TimeControl "1500+5"]

1. d4 d5 2. Nf3 Nf6 3. e3 Nc6 4. c4 e6 5. Be2 Bd6 6. Nc3 Bb4 7. Bd2 Bd7 8.
a3 Bxc3 9. bxc3 Na5 10. cxd5 exd5 11. Qc2 O-O 12. O-O a6 13. c4 Nxc4 14.
Bxc4 dxc4 15. Qxc4 Bb5 16. Qb3 Bxf1 17. Rxf1 Rb8 18. h3 Ne4 19. Qd3 Nxd2
20. Qxd2 b5 21. Ne5 Qf6 22. Nd7 Qd6 23. Nxb8 Rxb8 24. Qb4 a5 25. Qxa5 Qc6
26. Rb1 Rb6 27. d5 Qxd5 28. a4 h6 29. axb5 Rg6 30. g3 Qe4 31. Rb4 Qe6 32.
Qxc7 Qxh3 33. b6 Rg5 34. b7 Ra5 35. Qxa5 Qd7 36. b8=Q+ Kh7 37. Rd4 Qg4 38.
Rxg4 { Black resigns } 1-0

[Event "ICC tourney 2556 (25 5)"]
[Site "Internet Chess Club"]
[Date "2021.05.09"]
[Round "6"]
[White "SELVAM, SWAGATHA:K05-16203181"]
[Black "ARORA, RANBEER:K05-15760434"]
[Result "1-0"]
[ICCResult "Black checkmated"]
[WhiteElo "1289"]
[BlackElo "1521"]
[Opening "QGD: Marshall defense"]
[ECO "A50"]
[NIC "QP.07"]
[Time "13:32:19"]
[PlyCount "69"]
[TimeControl "1500+5"]

1. d4 Nf6 2. c4 d5 3. cxd5 Nxd5 4. e4 Nf6 5. Nc3 e6 6. a3 Be7 7. Nf3 O-O 8.
Bc4 a6 9. O-O b5 10. Bb3 Nbd7 11. Bf4 Nb6 12. Bc2 Bb7 13. Qd3 g6 14. Ng5
Nh5 15. Nh3 Nxf4 16. Nxf4 Nc4 17. Rab1 Bg5 18. Nce2 Nd6 19. e5 Bxf4 20.
Nxf4 Nf5 21. Rbd1 Qg5 22. g3 Nh4 23. f3 Nf5 24. Rd2 Rfd8 25. Qc3 Rac8 26.
Bxf5 gxf5 27. Rg2 Kh8 28. Kf2 Rg8 29. Rfg1 h6 30. Nh3 Qh5 31. Nf4 Qg5 32.
h4 Qe7 33. Nh5 c5 34. Qe3 cxd4 35. Qxh6# { Black checkmated } 1-0

[Event "ICC tourney 2556 (25 5)"]
[Site "Internet Chess Club"]
[Date "2021.05.09"]
[Round "6"]
[White "OWUSU BOAKYE, KWAME:K05-30105948"]
[Black "GALLEGE, REHAN:K05-16946930"]
[Result "1-0"]
[ICCResult "Black checkmated"]
[WhiteElo "713"]
[BlackElo "1111"]
[Opening "French: advance, Paulsen attack"]
[ECO "C02"]
[NIC "FR.03"]
[Time "13:31:20"]
[PlyCount "119"]
[TimeControl "1500+5"]

1. e4 e6 2. d4 d5 3. e5 c5 4. c3 Nc6 5. Nf3 Qb6 6. a3 a5 7. b3 Nh6 8. Bxh6
gxh6 9. Nbd2 cxd4 10. cxd4 Nxd4 11. Nxd4 Qxd4 12. Bb5+ Bd7 13. Bxd7+ Kxd7
14. O-O Qxe5 15. Nf3 Qg7 16. Qd3 Bd6 17. Rfc1 Rac8 18. Qb5+ Kd8 19. Qxa5+
Bc7 20. Qb5 Rg8 21. g3 b6 22. Rd1 Qf6 23. Nd4 Ra8 24. Nc6+ Kc8 25. Qb4 Re8
26. Rac1 Kb7 27. a4 Bd8 28. a5 Rc8 29. Nxd8+ Qxd8 30. Rxc8 Kxc8 31. axb6
Kb7 32. Qf4 Qxb6 33. Qxf7+ Qc7 34. Qxe8 Kb6 35. Qxe6+ Ka7 36. Ra1+ Kb8 37.
Qxd5 Kc8 38. Ra8+ Qb8 39. Rxb8+ Kxb8 40. Qf7 Kc8 41. Qxh7 Kd8 42. b4 Kc8
43. b5 h5 44. b6 h4 45. b7+ Kb8 46. Qxh4 Kxb7 47. Qh6 Kc7 48. g4 Kd7 49. g5
Ke7 50. g6 Ke8 51. Qh7 Kd8 52. g7 Ke7 53. g8=Q+ Kf6 54. Qgg6+ Ke5 55. Qhh5+
Kd4 56. Qgg4+ Kd3 57. Qd5+ Kc2 58. Qgc4+ Kb2 59. Qdb5+ Ka1 60. Qca4# {
Black checkmated } 1-0

[Event "ICC tourney 2556 (25 5)"]
[Site "Internet Chess Club"]
[Date "2021.05.09"]
[Round "6"]
[White "PIERRE LOUIS, ELANA:K05-17258051"]
[Black "T MARSHALLECK, DAVID:K05-16371805"]
[Result "1-0"]
[ICCResult "Black checkmated"]
[WhiteElo "341"]
[BlackElo "913"]
[Opening "Bishop's opening: Berlin defense"]
[ECO "C24"]
[NIC "IG.04"]
[Time "13:31:47"]
[PlyCount "85"]
[TimeControl "1500+5"]

1. e4 e5 2. Bc4 Nf6 3. Qf3 Nc6 4. Bb3 d6 5. Qc3 Be7 6. Qc4 Be6 7. Qf1 O-O
8. Qd3 Qd7 9. Qg3 Rfe8 10. Nf3 Bf8 11. Ng5 Nd4 12. Bxe6 fxe6 13. c3 Nc2+
14. Kd1 Nxa1 15. Ke1 Nc2+ 16. Kd1 Na1 17. d4 exd4 18. cxd4 d5 19. Qe3 Ng4
20. Qh3 Nf6 21. e5 h6 22. Nf3 Ne4 23. Rf1 Qa4+ 24. b3 Qd7 25. Nbd2 Qc6 26.
Ke2 Qa6+ 27. Kd1 Qc6 28. Ke2 Nc2 29. Nxe4 dxe4 30. Nd2 Nb4 31. f3 exf3+ 32.
gxf3 Qa6+ 33. Nc4 b5 34. Nd2 Nd5 35. Ne4 Ne7 36. Rg1 Nd5 37. Bxh6 Qxa2+ 38.
Kf1 Qa1+ 39. Kg2 Qxd4 40. Kh1 Qxe5 41. Bd2 Re7 42. Ng5 Qf6 43. Qh7# { Black
checkmated } 1-0

[Event "ICC tourney 2556 (25 5)"]
[Site "Internet Chess Club"]
[Date "2021.05.09"]
[Round "6"]
[White "PUROHIT, VIHAAN:K05-16766058"]
[Black "WOO, ALEXANDER:K05-17096034"]
[Result "1-0"]
[ICCResult "Black checkmated"]
[WhiteElo "1193"]
[BlackElo "850"]
[Opening "Ruy Lopez: Berlin defense, 4.O-O"]
[ECO "C65"]
[NIC "RL.07"]
[Time "13:31:12"]
[PlyCount "127"]
[TimeControl "1500+5"]

1. e4 e5 2. Nf3 Nc6 3. Bb5 Nf6 4. O-O Bd6 5. Re1 a6 6. Ba4 b5 7. Bb3 O-O 8.
c3 h6 9. d4 Re8 10. Nbd2 Na5 11. Bc2 Bb7 12. Nf1 exd4 13. Qxd4 c5 14. Qxd6
Bxe4 15. Bxe4 Nxe4 16. Qd1 Nf6 17. Rxe8+ Qxe8 18. Be3 c4 19. Ng3 Ng4 20.
Bb6 Nc6 21. Qe1 Qb8 22. Be3 b4 23. Rb1 Qb7 24. Bc5 b3 25. a3 Qb5 26. Bb4 a5
27. Bd6 Qd5 28. Rd1 Qe6 29. Qxe6 dxe6 30. Bc5 Rc8 31. h3 Nf6 32. Rd2 a4 33.
Bd4 Rd8 34. Bxf6 Rxd2 35. Nxd2 gxf6 36. Nxc4 Ne5 37. Nxe5 fxe5 38. Ne4 Kg7
39. Nc5 Kf6 40. Nxa4 e4 41. Nc5 Ke5 42. Nxb3 Kd5 43. Kf1 Kc4 44. Nd2+ Kd3
45. Nxe4 Kxe4 46. Ke2 Kd5 47. b4 Kc4 48. Ke3 e5 49. Ke4 f6 50. g4 Kb5 51.
Kf5 Kc4 52. Kxf6 e4 53. Kf5 e3 54. fxe3 Kxc3 55. b5 Kb3 56. b6 Kxa3 57. b7
Ka4 58. b8=Q Ka5 59. Ke5 Ka4 60. Kd6 Ka3 61. Kc5 Ka2 62. Kc4 Ka3 63. Kc3
Ka4 64. Qb4# { Black checkmated } 1-0

[Event "ICC tourney 2556 (25 5)"]
[Site "Internet Chess Club"]
[Date "2021.05.09"]
[Round "6"]
[White "KALE, VIHAAN:K05-16144616"]
[Black "JOSHI, AARAV:K05-30026655"]
[Result "1-0"]
[ICCResult "Black checkmated"]
[WhiteElo "1175"]
[BlackElo "834"]
[Opening "Queen's pawn"]
[ECO "A40"]
[NIC "QO.17"]
[Time "13:30:26"]
[PlyCount "163"]
[TimeControl "1500+5"]

1. d4 e6 2. c4 g6 3. f3 Bg7 4. e4 Nf6 5. Nc3 O-O 6. Be3 d5 7. e5 Ne8 8. Qd2
dxc4 9. h4 a6 10. h5 gxh5 11. Rxh5 f6 12. Bh6 Bxh6 13. Qxh6 Rf7 14. Bxc4
Nc6 15. Bd3 Nxd4 16. Bxh7+ Rxh7 17. Qxh7+ Kf8 18. Qh8+ Kf7 19. Rh7+ Kg6 20.
Qg8+ Kf5 21. Rh5+ Kf4 22. g3+ Ke3 23. Nd1+ Kd3 24. Qg6+ Kc4 25. b3+ Kc5 26.
Rc1+ Kb6 27. Qd3 Nxf3+ 28. Qxf3 Qd4 29. Qf2 Qxf2+ 30. Kxf2 fxe5 31. Rxe5
Nf6 32. Ne3 Bd7 33. g4 Rf8 34. Ke2 Bb5+ 35. Nc4+ Ka7 36. Rxe6 Nd5 37. Re5
Nf4+ 38. Ke3 Ng2+ 39. Kd4 Rf4+ 40. Re4 Rf8 41. Rc2 Rd8+ 42. Kc3 Nh4 43. Re5
Ng6 44. Rg5 Nf4 45. Rf5 Rd3+ 46. Kb2 Ne6 47. Rf3 Rd1 48. Rf6 Nd4 49. Rd2
Rxg1 50. Rxd4 Rg2+ 51. Nd2 c5 52. Rd5 Bc6 53. Rxc6 bxc6 54. Rd3 Rxg4 55.
Rc3 Kb6 56. Nc4+ Kb5 57. Re3 Kb4 58. a3+ Kb5 59. Re4 Rxe4 60. Nd6+ Kb6 61.
Nxe4 Kb5 62. Kc3 a5 63. a4+ Kb6 64. Kc4 Kc7 65. Nxc5 Kb6 66. Nd7+ Kc7 67.
Ne5 Kd6 68. Nf7+ Kc7 69. Kc5 Kc8 70. Kxc6 Kb8 71. Kb6 Kc8 72. Kxa5 Kb8 73.
Kb6 Kc8 74. a5 Kb8 75. a6 Ka8 76. Nd6 Kb8 77. Nb5 Ka8 78. Nc7+ Kb8 79. a7+
Kc8 80. a8=Q+ Kd7 81. Qe8+ Kd6 82. Qe6# { Black checkmated } 1-0

[Event "ICC tourney 2556 (25 5)"]
[Site "Internet Chess Club"]
[Date "2021.05.09"]
[Round "6"]
[White "KOTHAPALLI, ASHISH:K05-16185293"]
[Black "GANESH IYER, ARJUN:K05-17350382"]
[Result "1-0"]
[ICCResult "Black checkmated"]
[WhiteElo "897"]
[BlackElo "580"]
[Opening "Queen's pawn, Mason variation"]
[ECO "D00"]
[NIC "QP.08"]
[Time "13:31:56"]
[PlyCount "127"]
[TimeControl "1500+5"]

1. d4 d5 2. Bf4 Nc6 3. Nc3 a6 4. Nf3 Bf5 5. e3 e6 6. a3 Nf6 7. Bd3 Bxd3 8.
Qxd3 Bd6 9. Bg3 O-O 10. Bh4 b5 11. Ng5 g6 12. Nf3 b4 13. axb4 Nxb4 14. Qd2
Be7 15. Bxf6 Bxf6 16. e4 dxe4 17. Nxe4 Qe7 18. c3 Nc6 19. Qf4 Bg7 20. O-O
e5 21. dxe5 Nxe5 22. Rfe1 Nxf3+ 23. Qxf3 Rab8 24. Ng3 Qd6 25. Rab1 Rfe8 26.
Rxe8+ Rxe8 27. h3 Be5 28. Ne4 Qc6 29. Ng5 Qxf3 30. Nxf3 Bf6 31. Ra1 Rb8 32.
Rxa6 Rxb2 33. Rxf6 Rb7 34. Rc6 Kf8 35. Kh2 Ke7 36. Rc4 Kd6 37. Ng5 Kd5 38.
Rd4+ Kc5 39. Nxf7 Rb3 40. Rd7 c6 41. Ng5 Rxc3 42. Ne4+ Kb4 43. Nxc3 Kxc3
44. Rc7 Kb4 45. Rxc6 Kb5 46. Rc1 g5 47. Kg3 h6 48. Kg4 Kb4 49. Kf5 Kb3 50.
Ke4 Kb2 51. Rc8 Kb3 52. Kd4 Kb2 53. Kd3 Kb1 54. Kd2 Ka2 55. Rb8 Ka3 56. Kc2
Ka4 57. Kc3 Ka5 58. Kc4 Ka6 59. Kc5 Ka7 60. Rb1 Ka8 61. Kc6 Ka7 62. Rb2 Ka8
63. Kc7 Ka7 64. Ra2# { Black checkmated } 1-0

[Event "ICC tourney 2556 (25 5)"]
[Site "Internet Chess Club"]
[Date "2021.05.09"]
[Round "6"]
[White "JAVERI, ARHAN:K05-16378223"]
[Black "SANGHANI, RITIKA:K05-16470815"]
[Result "0-1"]
[ICCResult "White checkmated"]
[WhiteElo "1495"]
[BlackElo "1039"]
[Opening "Queen's pawn, Mason variation"]
[ECO "D00"]
[NIC "QP.08"]
[Time "13:31:19"]
[PlyCount "108"]
[TimeControl "1500+5"]

1. d4 d5 2. Bf4 Nc6 3. e3 a6 4. Nf3 Bg4 5. h3 Bf5 6. Nbd2 Nf6 7. c3 e6 8.
Be2 Be7 9. O-O O-O 10. Nh4 Ne4 11. Nxe4 dxe4 12. Nxf5 exf5 13. f3 exf3 14.
Bxf3 Bd6 15. Bxd6 Qxd6 16. d5 Ne5 17. Qd2 Nxf3+ 18. Rxf3 Qe5 19. Raf1 g6
20. h4 Rad8 21. c4 c6 22. h5 Rfe8 23. hxg6 hxg6 24. Rh3 cxd5 25. cxd5 Rxd5
26. Qe1 Rd3 27. Rff3 f4 28. Kf2 fxe3+ 29. Rxe3 Rxe3 30. Rxe3 Qxe3+ 31. Qxe3
Rxe3 32. Kxe3 f5 33. Kf4 Kf7 34. Ke5 Kg7 35. Ke6 Kh6 36. Kf6 g5 37. Kxf5
Kh5 38. g4+ Kh4 39. b4 b6 40. a3 b5 41. Ke4 Kxg4 42. Kd5 Kf3 43. Kc5 g4 44.
Kb6 g3 45. Kxa6 g2 46. Kxb5 g1=Q 47. a4 Qg5+ 48. Ka6 Ke4 49. b5 Kd5 50. b6
Kc6 51. b7 Qg8 52. Ka7 Kc7 53. a5 Qb8+ 54. Ka6 Qxb7# { White checkmated }
0-1

[Event "ICC tourney 2556 (25 5)"]
[Site "Internet Chess Club"]
[Date "2021.05.09"]
[Round "6"]
[White "JOSHI, OM:K05-30018177"]
[Black "KODKANI, ARNAV:K05-16604473"]
[Result "1-0"]
[ICCResult "Black checkmated"]
[WhiteElo "540"]
[BlackElo "902"]
[Opening "Réti opening"]
[ECO "A04"]
[NIC "QP.11"]
[Time "13:33:19"]
[PlyCount "141"]
[TimeControl "1500+5"]

1. Nf3 e6 2. g3 Nf6 3. Bg2 Be7 4. O-O O-O 5. d4 d5 6. h3 Nc6 7. c3 h6 8.
Nh2 Nh7 9. f4 f5 10. Qe1 b5 11. Nd2 b4 12. c4 dxc4 13. Bxc6 Rb8 14. e3 c3
15. bxc3 bxc3 16. Nb3 Bb4 17. a3 Bd6 18. Qxc3 Nf6 19. Bg2 Nd5 20. Bxd5 exd5
21. Nc5 c6 22. Nf3 Bxc5 23. Qxc5 Qf6 24. Ne5 Rb6 25. Bd2 Rd8 26. Rab1 Rxb1
27. Rxb1 Rd6 28. Rc1 h5 29. Bb4 Re6 30. Qxa7 h4 31. Be1 hxg3 32. Kg2 Kh7
33. Qc7 Re8 34. Qxc6 Qxc6 35. Rxc6 Bb7 36. Rb6 Bc8 37. Bxg3 Be6 38. Rb3 Kh6
39. Nf3 g6 40. Ng5 Bg8 41. Kf3 Ra8 42. Be1 Kg7 43. Bb4 Kh6 44. Rb2 Kh5 45.
Rc2 Kh6 46. Rc7 Re8 47. Bd6 Ra8 48. Rc6 Rd8 49. Bb4 Kg7 50. Ne6+ Bxe6 51.
Rxe6 Kf7 52. Rd6 Rh8 53. Kg3 Re8 54. Rd7+ Kf6 55. Bd2 Ra8 56. Rxd5 Rxa3 57.
Ra5 Rd3 58. Ra2 Ke6 59. Kf2 Rb3 60. Ra6+ Kf7 61. Ke2 Rb8 62. d5 Rd8 63. Ra5
Rh8 64. Ra7+ Kf6 65. d6 Rxh3 66. d7 Ke7 67. Bb4+ Ke6 68. d8=Q Rh2+ 69. Kd3
Rh1 70. Re7+ Kf6 71. Qf8# { Black checkmated } 1-0

[Event "ICC tourney 2556 (25 5)"]
[Site "Internet Chess Club"]
[Date "2021.05.09"]
[Round "6"]
[White "L LIU, JASON:K05-15325166"]
[Black "MARIAN, AARON:K05-15799497"]
[Result "0-1"]
[ICCResult "White checkmated"]
[WhiteElo "1615"]
[BlackElo "1400"]
[Opening "Sicilian: Najdorf, Opocensky variation"]
[ECO "B92"]
[NIC "SI.10"]
[Time "13:33:21"]
[PlyCount "96"]
[TimeControl "1500+5"]

1. e4 c5 2. Nf3 d6 3. d4 cxd4 4. Nxd4 Nf6 5. Nc3 a6 6. Be2 e5 7. Nf3 b5 8.
O-O Bb7 9. a3 Nxe4 10. Re1 Nd7 11. Bd3 Nxc3 12. bxc3 Nc5 13. Qe2 Be7 14.
Be3 e4 15. Bxc5 exf3 16. gxf3 dxc5 17. Be4 Ra7 18. Rad1 Qc7 19. Bf5 Bc6 20.
Bd7+ Qxd7 21. Rxd7 Rxd7 22. Qe5 O-O 23. Qf5 Rd5 24. Qf4 Bd6 25. Qh4 h6 26.
Kh1 Rf5 27. Kg1 Rg5+ 28. Kf1 Bd5 29. Rd1 Re8 30. Qxg5 Bc4+ 31. Kg2 hxg5 32.
Rxd6 Re2 33. Rxa6 Rxc2 34. Ra8+ Kh7 35. a4 Rxc3 36. a5 b4 37. a6 Ra3 38. a7
b3 39. Kg3 Bd5 40. Rd8 Rxa7 41. Rxd5 b2 42. Rxg5 b1=Q 43. Rh5+ Kg6 44. Rxc5
Qg1+ 45. Kh4 f6 46. Rh5 Qxf2+ 47. Kh3 Qxf3+ 48. Kh4 Ra4# { White checkmated
} 0-1

[Event "ICC tourney 2556 (25 5)"]
[Site "Internet Chess Club"]
[Date "2021.05.09"]
[Round "6"]
[White "BALAMURUGAN, ABHIJAY:K05-16913354"]
[Black "RAU, AKAASH:K05-16538222"]
[Result "0-1"]
[ICCResult "White checkmated"]
[WhiteElo "1242"]
[BlackElo "912"]
[Opening "Scandinavian (center counter) defense"]
[ECO "B01"]
[NIC "SD.02"]
[Time "13:32:19"]
[PlyCount "82"]
[TimeControl "1500+5"]

1. e4 d5 2. exd5 Qxd5 3. Nc3 Qd8 4. Nf3 Bg4 5. Be2 Nf6 6. O-O e6 7. d3 c6
8. Ne5 Bxe2 9. Qxe2 Be7 10. Re1 Nbd7 11. Nxd7 Qxd7 12. Ne4 Nxe4 13. Qxe4
Qd5 14. Qg4 Bf6 15. a3 O-O 16. Rb1 Rfe8 17. Re3 Qa2 18. Bd2 Qxb1+ 19. Re1
Qxc2 20. Bh6 g6 21. Qf4 Bg7 22. Bxg7 Kxg7 23. h4 Qxd3 24. Qe5+ Kg8 25. Re4
Qd5 26. Qf4 Qf5 27. Qe3 Rad8 28. Re5 Qf6 29. Re4 Qxb2 30. h5 Qf6 31. h6
Rd1+ 32. Kh2 Red8 33. g4 Qh4+ 34. Kg2 Qh1+ 35. Kg3 R8d3 36. Rxe6 fxe6 37.
Qxd3 Rxd3+ 38. Kf4 Qf3+ 39. Kg5 Rd5+ 40. Kh4 Qxf2+ 41. Kh3 Rd3# { White
checkmated } 0-1

[Event "ICC tourney 2556 (25 5)"]
[Site "Internet Chess Club"]
[Date "2021.05.09"]
[Round "6"]
[White "GUI, SUYUAN:K05-16962930"]
[Black "KONSTANTAKOS, CHRISTOS:K05-17130487"]
[Result "1-0"]
[ICCResult "Black resigns"]
[WhiteElo "989"]
[BlackElo "1447"]
[Opening "Vienna gambit"]
[ECO "C29"]
[NIC "VG.04"]
[Time "13:31:03"]
[PlyCount "47"]
[TimeControl "1500+5"]

1. e4 e5 2. Nc3 Nf6 3. f4 d6 4. Nf3 Nc6 5. Bb5 Bg4 6. d3 Be7 7. O-O O-O 8.
Bxc6 bxc6 9. fxe5 dxe5 10. Qe1 Bc5+ 11. Kh1 Bxf3 12. Rxf3 Ng4 13. h3 Nf6
14. Bg5 Be7 15. Qg3 Kh8 16. Qxe5 Re8 17. Qf4 Nh5 18. Qxf7 Bxg5 19. Qxh5 Re5
20. Qg4 Bf6 21. Rf5 Re7 22. Qf4 Rf7 23. e5 g5 24. Qf2 { Black resigns } 1-0

[Event "ICC tourney 2556 (25 5)"]
[Site "Internet Chess Club"]
[Date "2021.05.09"]
[Round "6"]
[White "KAZAN, JUDE:K05-16350155"]
[Black "BIRD, BRIAN:K05-15768143"]
[Result "0-1"]
[ICCResult "White checkmated"]
[WhiteElo "1655"]
[BlackElo "1530"]
[Opening "Caro-Kann: advance variation"]
[ECO "B12"]
[NIC "CK.04"]
[Time "13:31:32"]
[PlyCount "134"]
[TimeControl "1500+5"]

1. e4 c6 2. d4 d5 3. e5 Bf5 4. h4 h5 5. Bd3 Bxd3 6. Qxd3 e6 7. Nf3 Nd7 8.
Bg5 Qb6 9. b3 c5 10. c3 Be7 11. Na3 cxd4 12. Bxe7 Nxe7 13. Qxd4 Qa5 14. Nc2
Rc8 15. Kd2 Nf5 16. Qb4 Qc7 17. Ncd4 a5 18. Qa4 Qxc3+ 19. Ke2 Qb2+ 20. Nd2
Qxd4 21. Qxd4 Nxd4+ 22. Kd3 Nf5 23. Rac1 O-O 24. g4 Nxe5+ 25. Ke2 Nxg4 26.
Rcg1 Ne5 27. Rg2 g6 28. Rg5 Ng4 29. f3 Ng3+ 30. Ke1 Nxh1 31. fxg4 hxg4 32.
Rxg4 Kg7 33. h5 Kh7 34. Rh4 Kg7 35. Rxh1 Rc1+ 36. Ke2 Rxh1 37. Kd3 Rxh5 38.
Kd4 Rh2 39. Ke3 Rxd2 40. Kxd2 Rc8 41. Kd3 Rc1 42. Ke3 Ra1 43. Kd2 Rxa2+ 44.
Kd3 Ra3 45. Ke3 Rxb3+ 46. Ke2 Re3+ 47. Kxe3 b5 48. Kd2 d4 49. Kd3 e5 50.
Kc2 d3+ 51. Kxd3 e4+ 52. Kxe4 f5+ 53. Kd3 g5 54. Ke3 f4+ 55. Kf3 a4 56. Ke4
a3 57. Kd3 f3 58. Kc2 f2 59. Kc3 b4+ 60. Kxb4 g4 61. Kxa3 g3 62. Kb3 f1=Q
63. Kc2 g2 64. Kd2 Qf3 65. Kc2 g1=Q 66. Kd2 Qgg2+ 67. Kc1 Qff1# { White
checkmated } 0-1

[Event "ICC tourney 2556 (25 5)"]
[Site "Internet Chess Club"]
[Date "2021.05.09"]
[Round "6"]
[White "KRISHNAN, SHREYANK:K05-16258876"]
[Black "YIN, HAOXUAN:K05-16009384"]
[Result "0-1"]
[ICCResult "White checkmated"]
[WhiteElo "1486"]
[BlackElo "790"]
[Opening "QGD: 4.Nf3"]
[ECO "D37"]
[NIC "QO.17"]
[Time "13:31:37"]
[PlyCount "62"]
[TimeControl "1500+5"]

1. d4 e6 2. Nf3 d5 3. c4 Nf6 4. Nc3 dxc4 5. Bf4 c6 6. e3 b5 7. b3 Bb4 8.
Qc2 Nd5 9. Nd2 Bxc3 10. Rc1 cxb3 11. Qxb3 Bxd2+ 12. Kxd2 Nxf4 13. exf4
Qxd4+ 14. Ke1 Qxf4 15. Qb2 O-O 16. f3 Rd8 17. Be2 Bb7 18. g3 Qe3 19. Rc3
Qb6 20. Bd3 b4 21. Rb3 c5 22. Ke2 Nc6 23. Ke1 c4 24. Bxc4 Nd4 25. Rxb4
Nxf3+ 26. Ke2 Nd4+ 27. Kf1 Qc6 28. Rg1 Nf3 29. Kf2 Qc5+ 30. Ke2 Nxg1+ 31.
Kf1 Rd1# { White checkmated } 0-1

[Event "ICC tourney 2556 (25 5)"]
[Site "Internet Chess Club"]
[Date "2021.05.09"]
[Round "6"]
[White "MAJUMDAR, ABHI:K05-16196465"]
[Black "ANEJA, SHIVISH:K05-30036465"]
[Result "1-0"]
[ICCResult "Black checkmated"]
[WhiteElo "1150"]
[BlackElo "674"]
[Opening "Queen's pawn: Lundin (Kevitz-Mikenas) defense"]
[ECO "A40"]
[NIC "QO.17"]
[Time "13:32:52"]
[PlyCount "67"]
[TimeControl "1500+5"]

1. d4 Nc6 2. Bf4 d5 3. Nc3 Nf6 4. Nb5 Rb8 5. Bxc7 Qd7 6. Bxb8 Nxb8 7. e3
Ng4 8. h3 Nh6 9. Nxa7 e6 10. c3 Bd6 11. Nb5 Be7 12. Nf3 O-O 13. Bd3 b6 14.
Ne5 Qe8 15. O-O Ba6 16. Nc7 Qd8 17. Nxa6 Nxa6 18. Bxa6 Qa8 19. Bd3 Bd6 20.
f4 f6 21. Nf3 e5 22. fxe5 fxe5 23. Nxe5 Rxf1+ 24. Qxf1 Qb8 25. Qf4 b5 26.
Rf1 b4 27. cxb4 Qxb4 28. b3 Qd2 29. Qf2 Qb4 30. Nf7 Nxf7 31. Qxf7+ Kh8 32.
Qe8+ Bf8 33. Rxf8+ Qxf8 34. Qxf8# { Black checkmated } 1-0

[Event "ICC tourney 2556 (25 5)"]
[Site "Internet Chess Club"]
[Date "2021.05.09"]
[Round "6"]
[White "KRISHNAN, MIHIKA:K05-16596204"]
[Black "PEYTON, NATHAN:K05-16452322"]
[Result "0-1"]
[ICCResult "White checkmated"]
[WhiteElo "1094"]
[BlackElo "1481"]
[Opening "QGD Slav: 4.e3 Bf5"]
[ECO "D12"]
[NIC "QP.09"]
[Time "13:31:39"]
[PlyCount "138"]
[TimeControl "1500+5"]

1. Nf3 d5 2. d4 Nf6 3. c4 c6 4. e3 Bf5 5. Nc3 e6 6. Be2 Bd6 7. O-O Nbd7 8.
Re1 Bb8 9. b3 O-O 10. Bb2 Ne4 11. Bd3 Ndf6 12. Rc1 Qc7 13. cxd5 exd5 14.
Nb5 Qd7 15. Ne5 Bxe5 16. dxe5 Ng4 17. f3 Ngf2 18. Qe2 Nxd3 19. Qxd3 Nd6 20.
e4 dxe4 21. Qxd6 cxb5 22. Qxd7 Bxd7 23. fxe4 Rac8 24. Rcd1 Bc6 25. Rd3 Rfd8
26. Rg3 g6 27. h3 Rd2 28. Bc3 Rxa2 29. Ba1 Bxe4 30. Rxe4 Rxa1+ 31. Kh2 Rac1
32. h4 R1c3 33. Rxc3 Rxc3 34. b4 Rc4 35. Re1 Rxh4+ 36. Kg3 Rxb4 37. Kf3 Rc4
38. Ke3 Rc8 39. Kd4 b4 40. Kd5 Rd8+ 41. Ke4 f6 42. Rb1 fxe5 43. Kxe5 a5 44.
Ke6 Rd2 45. Ke5 Rxg2 46. Kd6 a4 47. Rxb4 a3 48. Rb1 a2 49. Ra1 h5 50. Ke5
b5 51. Kd4 h4 52. Kc5 h3 53. Kxb5 h2 54. Kc6 Rg1 55. Rxa2 h1=Q+ 56. Kd6
Rd1+ 57. Kc7 Rc1+ 58. Kd6 Qd1+ 59. Ke5 Rc5+ 60. Kf4 Qd4+ 61. Kg3 Rc3+ 62.
Kh2 Qf4+ 63. Kg2 Qg3+ 64. Kf1 Qf3+ 65. Ke1 Re3+ 66. Kd2 Qe2+ 67. Kc1 Qxa2
68. Kd1 Rb3 69. Ke1 Rb1# { White checkmated } 0-1